 Dungeon Crawl Stone Soup version 0.30-b1-2-g02819fbbbe (webtiles) character file.

Game seed: 17754648583192886213

1379 Mesmaeker13 the Trooper (level 8, 0/90 HPs)
             Began as a Barachi Hunter on Sept 8, 2023.
             Was a Follower of Hepliaklqana.
             Killed from afar by a steam dragon (14 damage)
             ... with a ball of steam
             ... on level 5 of the Dungeon.
             The game lasted 00:09:23 (4145 turns).

Mesmaeker13 the Trooper (Barachi Hunter)            Turns: 4145, Time: 00:09:24

Health: 0/90       AC: 24    Str: 13    XL:     8   Next: 66%
Magic:  0/8        EV:  2    Int: 10    God:    Hepliaklqana [*.....]
Gold:   255        SH:  0    Dex: 23    Spells: 7/7 levels left

rFire   . . .        g - +0 flail
rCold   . . .        (no shield)
rNeg    + . .        c - melded +0 leather armour
rPois   +            (helmet currently unavailable)
rElec   .            (cloak currently unavailable)
rCorr   .            p - melded +0 pair of gloves
SInv    .            q - melded +0 pair of boots "Vonwaun" {rC+}
Will    .....        j - amulet of guardian spirit
Stlth   ++           e - ring of positive energy
HPRegen 0.35/turn    d - +6 ring of dexterity
MPRegen 0.11/turn

%: guardian spirit
@: tree-form
A: stationary, stasis, torment immunity, boosted hp, reduced essence,
(amphibious), (slowness 1), (strong legs 1), +LOS
a: Renounce Religion, Recall Ancestor, Ancestor Identity


You were on level 5 of the Dungeon.
You worshipped Hepliaklqana.
Hepliaklqana was aware of your devotion.
You were a tree.
You visited 2 branches of the dungeon, and saw 7 of its levels.

You collected 255 gold pieces.

Inventory:

Hand Weapons
 a - a +0 shortbow
 g - a +0 flail (weapon)
Missiles
 i - 2 poisoned darts
Armour
 c - a +0 leather armour (melded)
 p - a +0 pair of gloves (melded)
 q - the +0 pair of boots "Vonwaun" (melded) {rC+}
   (You found it on level 3 of the Dungeon)

   rC:        It protects you from cold.
Jewellery
 d - a +6 ring of dexterity (right branch)
 e - a ring of positive energy (left branch)
 j - an amulet of guardian spirit (around neck)
Scrolls
 b - 2 scrolls of immolation
 f - a scroll of poison {unknown}
 k - 4 scrolls of vulnerability
 m - 2 scrolls of teleportation
 o - 4 scrolls of blinking
 t - a scroll of amnesia {unknown}
 w - a scroll of fear {unknown}
 x - a scroll of torment {unknown}
 y - a scroll of enchant weapon {unknown}
Potions
 h - a potion of attraction {unknown}
 n - a potion of cancellation {unknown}
 r - a potion of degeneration {unknown}
 s - a potion of flight {unknown}
 u - a potion of invisibility {unknown}
 v - a potion of lignification
 z - a potion of heal wounds {unknown}


   Skills:
 + Level 7.5 Fighting
 + Level 7.2 Ranged Weapons
 + Level 4.4 Armour
 - Level 5.2 Dodging
 - Level 0.8 Stealth


You had 7 spell levels left.
You didn't know any spells.
Your spell library was empty.

Dungeon Overview and Level Annotations

Branches:
Dungeon (6/15)             Temple (1/1) D:4

Altars:
Cheibriados
Dithmenos
Elyvilon
Hepliaklqana
Kikubaaqudgha
Makhleb
Nemelex Xobeh
Okawaru
Qazlal
Ru
Sif Muna
Trog
Vehumet
Wu Jian
Xom
Yredelemnul
The Shining One

Shops:
D:5 (

Annotations:
D:5 2 runed translucent doors, SamuraiZach's ghost, novice TrMo


Innate Abilities, Weirdness & Mutations

You are a tree.
Your roots penetrate the ground, keeping you stationary.
You cannot be teleported.
You are immune to unholy pain and torment.
Your maximum health is greatly increased.
Your equipment is partially melded.
Your life essence is reduced to manifest your ancestor. (-10% HP)
((You are amphibious.))
((You cover ground slowly.))
((You can hop short distances.))
You have an extended range of vision and can be seen from far away.


Message History

Your +0 leather armour melds into your body.
Your roots penetrate the ground.
You are engulfed in a cloud of scalding steam.
The steam dragon bites you but does no damage.
The steam dragon completely misses you.
You feel better.
You are engulfed in a cloud of scalding steam.
The steam dragon bites you but does no damage.
The steam dragon claws you.
* * * LOW HITPOINT WARNING * * *
You feel better.
You are engulfed in a cloud of scalding steam.
The steam dragon bites you but does no damage.
The steam dragon claws you but does no damage.
Okay, then.
You hit the steam dragon but do no damage.
The steam dragon is heavily wounded.
The steam dragon bites you.
* * * LOW HITPOINT WARNING * * *
The steam dragon claws you but does no damage.
You barely miss the steam dragon.
The steam dragon is heavily wounded.
You are ready to hop once more.
The steam dragon completely misses you.
The steam dragon claws you but does no damage.
The steam dragon bites you but does no damage.
The steam dragon claws you but does no damage.
You hit the steam dragon.
The steam dragon is severely wounded.
The steam dragon bites you but does no damage.
The steam dragon claws you but does no damage.
You barely miss the steam dragon.
The steam dragon is severely wounded.
The steam dragon bites you but does no damage.
The steam dragon claws you but does no damage.
You hit the steam dragon.
The steam dragon is severely wounded.
The steam dragon breathes steam at you. The ball of steam hits you!
You die...

######## #..♣...# ##D###.#####
##### #.R.......#####...#
#....#.##....##...#
#######.##......##..#....
##.......####.............
###<.⌠.⌠..######...###.#...÷
##.S..._....##..............#
####.....⌠.⌠...#..###...##.#####


You could see a steam dragon (catching breath).

Vanquished Creatures
  3 ogres
  A centaur (D:5)
  2 bullfrogs
  2 jellies (D:4)
  A scorpion (D:4)
  3 howler monkeys
  A hound (D:3)
  2 orc priests
  2 sleepcaps
  3 orc wizards (D:4)
  A gnoll (D:6)
  7 adders
  A white imp (D:5)
  6 worms
  5 dart slugs
  13 orcs
  3 bats
  8 endoplasms
  2 giant cockroaches
  6 goblins
  8 hobgoblins
  6 quokkas
  7 ball pythons
  A frilled lizard (D:3)
  6 kobolds
  7 rats
107 creatures vanquished.

Vanquished Creatures (collateral kills)
  2 ogres
  A jelly (D:6)
  An orc priest (D:6)
  A worm (D:5)
  3 orcs (D:6)
8 creatures vanquished.

Grand Total: 115 creatures vanquished

Notes
Turn   | Place    | Note
-------+----------+-------------------------------------------
     0 | D:1      | Mesmaeker13 the Barachi Hunter began the quest for the Orb.
     0 | D:1      | Reached XP level 1. HP: 17/17 MP: 1/1
   101 | D:1      | Reached XP level 2. HP: 23/23 MP: 2/2
   647 | D:2      | Reached XP level 3. HP: 28/29 MP: 3/3
  1077 | D:2      | Reached XP level 4. HP: 35/35 MP: 4/4
  1376 | D:3      | Identified the +0 pair of boots "Vonwaun" {rC+}
  1473 | D:3      | Found a faded altar of an unknown god.
  1514 | D:3      | Reached XP level 5. HP: 42/42 MP: 5/5
  1993 | D:3      | Reached skill level 5 in Ranged Weapons
  2162 | D:4      | Reached XP level 6. HP: 49/49 MP: 6/6
  2437 | D:4      | Reached skill level 5 in Fighting
  2685 | D:4      | Found a staircase to the Ecumenical Temple.
  2695 | Temple   | Entered the Ecumenical Temple
  2806 | Temple   | Became a worshipper of Hepliaklqana the Forgotten
  2879 | D:4      | Reached XP level 7. HP: 56/56 MP: 7/7
  3018 | D:3      | Reached skill level 5 in Dodging
  3178 | D:4      | Found an iron altar of Okawaru.
  3412 | D:5      | Entered Level 5 of the Dungeon
  3412 | D:5      | Found a sparkling altar of Nemelex Xobeh.
  3450 | D:4      | Reached skill level 1 in Armour
  3564 | D:5      | Reached XP level 8. HP: 47/65 MP: 5/8
  3627 | D:5      | Found a runed translucent door.
  3645 | D:5      | Reached * piety under Hepliaklqana
  3702 | D:5      | Found a runed translucent door.
  3708 | D:5      | Found Ahaxkuta's Antique Weapon Shop.
  3711 | D:5      | Noticed SamuraiZach's ghost (novice TrMo)
  3989 | D:5      | Found a sacrificial altar of Ru.
  4137 | D:5      | HP: 3/60 [steam dragon (7)]
  4137 | D:5      | HP: 1/60 [steam dragon (2)]
  4145 | D:5      | Killed from afar by a steam dragon

Illustrated notes

Levels and vault maps discovered:
D:1:      lightli_arrival_lavapool, layout_loops_cross
D:2:      layout_basic
D:3:      layout_basic, chequers_ecumenical_altar_simple_redux,
          minmay_misc_feat_iff, hangedman_glass_teeth
D:4:      layout_gridville, general_overflow_altar, minmay_temple_entry_tees,
          grunt_decor_fettered, minmay_diced_spiral
D:5:      layout_rooms, nemelex_xobeh_ov_fountains_minmay,
          nicolae_ru_the_path_less_chosen, ebering_ghost_sewer_f, serial_shops,
          nicolae_shop_pleasant_corner_grove
D:6:      layout_rooms, minmay_misc_feat_ornament, nicolae_shop_fire_sale
          [nicolae_sub_dead_trees], st_stairs_5, grunt_decor_junction,
          uniq_edmund
Temple:   jpeg_temple_clearing

Skill      XL: |  1  2  3  4  5  6  7  8 |
---------------+-------------------------+-----
Fighting       | 3 4 5 6 7 |  7.5
Dodging        | 3 4 5 |  5.2
Ranged Weapons | 5 6 7 |  7.2
Armour         | 2 4 |  4.4
Stealth        | |  0.8

Action                     |  1- 3 |  4- 6 |  7- 9 || total
---------------------------+-------+-------+-------++-------
  Melee: Flail             |       |     4 |    27 ||    31
         Punch             |       |       |     1 ||     1
   Fire: Shortbow          |    68 |   191 |   130 ||   389
  Throw: Dart              |       |       |     2 ||     2
 Invoke: Ancestor Identity |       |       |     2 ||     2
Ability: Hop               |     1 |     6 |     3 ||    10
    Use: Scroll            |     3 |       |     1 ||     4
         Potion            |       |       |     4 ||     4
 Armour: Leather armour    |     1 |    17 |    32 ||    50
         Skin              |       |       |    15 ||    15
  Dodge: Dodged            |    14 |    41 |    93 ||   148
